Unix NetHack Version 5.0.0-0 post-release - last build May 23 2026 06:08:33 (1c0ff79ee797540d5714e4e18072db0edd9e58ae,branch:main).

Game began 2026-05-29 06:19:19, ended 2026-05-29 06:27:43.

ArrBianca, neutral female human Tourist

   -----       0--------------                                    -------
   |.k.|       #|............|                                    |..{..|
   |...|       #|............|             ------------          #-.....|
   |..>|       #|............-###########  |..........|          #|.....|
   |...|       #|............|          #  |..........|          #--+-.--
   |....#######0|............|          #  |...........#         #  # #
   -|-.-        ----------.---          ###...........|##        #    ##
    # #                 ###             ###|..........+##        #     #
    # #              ####               #  ---.--------##        #     #
    # #             ##                  #     #         #        #     #
    # #             #              ######     #         #        #   --|--
    # #             #              #          #         #        #   |...|
    # #            ##          #####          ##        #--------#   |...|
   -|-.--         ##           #             --|--      #-......-#   |...|
   |....-########0###0##### ####             |....#     #|......|    -----
   |....|   ##----.------   #                |{_.|#######.......|
   |.)..|    #|.)..d.(.<|   #       #########....|       --------
   |..{..#####....@......############        -----
   ------     -----------

ArrBianca the Sightseer     St:11 Dx:9 Co:16 In:13 Wi:10 Ch:16  Neutral
Dlvl:4  $:904 HP:0(23) Pw:9(9) AC:10 Xp:3 T:1159 

Latest messages:
 In what direction? u
 You destroy the manes!
 You stop searching.
 The kitten picks up a crude dagger.
 The kitten misses the manes.
 The kitten bites the manes.
 The manes misses the kitten.
 The manes misses the kitten.
 The manes misses the kitten.
 In what direction? u
 The dart misses the manes.
 The manes hits!
 The manes hits again!
 The manes bites!
 The kitten bites the manes.
 The manes is destroyed!
 The kitten drops a crude dagger.
 You hear someone cursing shoplifters.
 You hear someone cursing shoplifters.
 You stop searching.
 What do you want to eat? [bce-hptu or ?*] ^_
 You don't have that object.
 What do you want to eat? [bce-hptu or ?*] ?
 This pancake is delicious!
 You finish eating the pancake.
 What do you want to eat? [bce-hptu or ?*] p
 Blecch!  Rotten food!
 In what direction? h
 The dart hits the manes.
 In what direction? h
 You destroy the manes!
 You swap places with your kitten.
 You see here a crude dagger.
 v - 2 darts (at the ready) (3 in total).
 v - a dart (at the ready) (4 in total).
 With great effort you move the boulder.
 You try to move the boulder, but in vain.
 You try to move the boulder, but in vain.
 You try to move the boulder, but in vain.
 You try to move the boulder, but in vain.
 You try to move the boulder, but in vain.
 You try to move the boulder, but in vain.
 You try to move the boulder, but in vain.
 With great effort you move the boulder.
 The little dog bites!
 The little dog bites!
 The little dog bites!
 The little dog bites!
 You die...
 Do you want your possessions identified? [ynq] (y) q

Inventory:
 Coins    ('$')
  $ - 904 gold pieces
 Weapons  (')')
  a - 31 +2 darts
  v - 4 +0 darts (at the ready)
  D - the +0 Sting (weapon in right hand)
 Armor    ('[')
  l - an uncursed +0 Hawaiian shirt with a plumeria motif (being worn)
 Comestibles  ('%')
  h - an uncursed candy bar labeled "Chocolate Nuggie"
  t - an uncursed candy bar labeled "Snacky Cake"
  g - an uncursed cram ration
  b - 6 uncursed food rations
  u - a cursed food ration
  c - an uncursed melon
  f - 3 uncursed tripe rations
  e - an uncursed homemade tin of jackal meat
 Scrolls  ('?')
  r - an uncursed scroll of blank paper
  B - an uncursed scroll of light
  k - a blessed scroll of magic mapping
  j - 2 uncursed scrolls of magic mapping
 Potions  ('!')
  x - a blessed potion of extra healing
  m - 2 uncursed potions of extra healing
  z - a blessed potion of healing
  y - an uncursed potion of healing
  A - 2 uncursed potions of healing
  s - an uncursed potion of speed
  w - a cursed potion of speed
 Tools    ('(')
  n - an uncursed credit card
  i - an expensive camera (0:27)
  C - an uncursed tin whistle

ArrBianca the Tourist's attributes:

Background:
 You were a Sightseer, a level 3 female human Tourist.
 You were neutral, nominally on a mission for The Lady
 who was opposed by Blind Io (lawful) and Offler (chaotic).
 You were right-handed.
 You were in the Dungeons of Doom, on level 4.
 You entered the dungeon 1159 turns ago.
 You had 67 experience points, 13 more were needed to attain level 4.

Basics:
 You had 0 out of 23 hit points.
 You had all 9 energy points (spell power).
 Your armor class was 10.
 Your wallet contained 904 zorkmids.
 Autopickup was on for '$?!/="+%' plus thrown, with exceptions.

Final Characteristics:
 Your strength was 11 (limit:18/100).
 Your dexterity was 9 (limit:18).
 Your constitution was 16 (limit:18).
 Your intelligence was 13 (limit:18).
 Your wisdom was 10 (limit:18).
 Your charisma was 16 (limit:18).

Final Status:
 You weren't hungry.
 You were unencumbered.
 You were wielding a dagger.
 You were unskilled in dagger.

Final Attributes:
 You were devoutly aligned.
 You were aware of the presence of orcs.
 You are dead.

Miscellaneous:
 You encountered 1 bones level.
 Total elapsed playing time was 8 minutes and 24 seconds.

Major events:
 Turn
    1: ArrBianca the neutral female human Tourist entered the dungeon
 1041: attained the rank of Sightseer (level 3)
 1048: chose a runed dagger to be named "Sting"
 1159: killed by a little dog

You didn't know any spells.

Skills:
 Fighting Skills
   bare handed combat [Unskilled]
   two weapon combat  [Unskilled]
   riding             [Unskilled]
 Weapon Skills
   dagger             [Unskilled]
   knife              [Unskilled]
   axe                [Unskilled]
   pick-axe           [Unskilled]
   short sword        [Unskilled]
   broadsword         [Unskilled]
   long sword         [Unskilled]
   two-handed sword   [Unskilled]
   saber              [Unskilled]
   mace               [Unskilled]
   morning star       [Unskilled]
   flail              [Unskilled]
   hammer             [Unskilled]
   quarterstaff       [Unskilled]
   polearms           [Unskilled]
   spear              [Unskilled]
   trident            [Unskilled]
   lance              [Unskilled]
   bow                [Unskilled]
   sling              [Unskilled]
   crossbow           [Unskilled]
   dart               [Basic]
   shuriken           [Unskilled]
   boomerang          [Unskilled]
   whip               [Unskilled]
   unicorn horn       [Unskilled]
 Spellcasting Skills
   divination spells  [Unskilled]
   enchantment spells [Unskilled]
   escape spells      [Unskilled]

Voluntary challenges:
 Character rerolling was not enabled.
 You were an atheist.
 You never genocided any monsters.
 You never polymorphed an object.
 You never changed form.
 You used no wishes.
Achievements:
 You entered a shop.
 You attained the rank of Sightseer.

 The Dungeons of Doom: levels 1 to 4
    Level 1:
    Level 2:
       A fountain.
    Level 3: "g mimic in shop"
       A potion shop, a fountain.
    Level 4: <- You were here.
       A general store, an altar, many fountains.
       Final resting place for
          you, killed by a little dog,
          Eldrich-Arc-Hum-Mal-Law, killed by a coyote.


Vanquished creatures:
 an iguana
  a coyote
  a hobbit
  4 manes
  a hobgoblin
  a giant rat
  a brown mold
  a fox
  a kobold
  a goblin
  2 grid bugs
  a lichen
  a kobold zombie
  4 newts
21 creatures vanquished.

No species were genocided or became extinct.

Game over:
                       ----------
                      /          \
                     /    REST    \
                    /      IN      \
                   /     PEACE      \
                  /                  \
                  |    ArrBianca     |
                  |      904 Au      |
                  |   killed by a    |
                  |    little dog    |
                  |                  |
                  |                  |
                  |       2026       |
                 *|     *  *  *      | *
        _________)/\\_//(\/(/\)/\//\/|_)_______

Aloha ArrBianca the Tourist...

You died in The Dungeons of Doom on dungeon level 4 with 428 points,
and 904 pieces of gold, after 1159 moves.
You were level 3 with a maximum of 23 hit points when you died.

